 Dungeon Crawl Stone Soup version 0.28.0-43-g3370ac3207 (webtiles) character file.

Game seed: 15334196644830468812

62 Zeld the Gusty (level 4, -6/24 HPs)
             Began as a Tengu Air Elementalist on Mar 29, 2022.
             Mangled by a gnoll
             ... wielding a +0 flail
              (7 damage)
             ... on level 1 of the Dungeon.
             The game lasted 00:01:35 (2055 turns).

Zeld the Gusty (Tengu Air Elementalist)             Turns: 2055, Time: 00:01:36

Health: -6/24      AC:  2    Str:  8    XL:     4   Next: 8%
Magic:  9/9        EV: 12    Int: 17    God:
Gold:   56         SH:  0    Dex: 15    Spells: 2/8 levels left

rFire   . . .      SeeInvis .   (no weapon)
rCold   . . .      Faith    .   (no shield)
rNeg    . . .      Spirit   .   a - +0 robe
rPois   .          Reflect  .   (helmet restricted)
rElec   .          Harm     .   (no cloak)
rCorr   .          Rampage  .   (no gloves)
Will    .....                   (boots unavailable)
Stlth   ++........              (no amulet)
HPRegen 0.08/turn               (no ring)
MPRegen 0.11/turn               (no ring)

@: no status effects
A: beak, talons 3
a: no special abilities


You were on level 1 of the Dungeon.
You visited 1 branch of the dungeon, and saw 2 of its levels.

You collected 56 gold pieces.

Inventory:

Armour
 a - a +0 robe (worn)
Scrolls
 b - a scroll of teleportation {unknown}
 d - a scroll of identify {unknown}
 e - a scroll of fear {unknown}
Potions
 c - 2 potions of curing {unknown}
 f - a potion of magic {unknown}


   Skills:
 + Level 2.6 Dodging
 + Level 2.4 Stealth
 * Level 2.8 Spellcasting
 + Level 2.1 Conjurations
 * Level 4.7 Air Magic


You had 2 spell levels left.
You knew the following spells:

 Your Spells              Type           Power      Damage    Failure   Level
a - Shock                 Conj/Air       56%        1d6       4%          1
b - Static Discharge      Conj/Air       14%        N/A       6%          2
c - Swiftness             Air            18%        N/A       8%          3

Your spell library contained the following spells:

 Spells                   Type           Power      Damage    Failure   Level
 Airstrike                Air            9%         N/A       26%         4


Dungeon Overview and Level Annotations

Branches:
Dungeon (2/15)

Altars:


Innate Abilities, Weirdness & Mutations

You have a beak for a mouth.
You have claws for feet.


Message History

* * * LOW HITPOINT WARNING * * *
Casting: Shock (safe; 4% risk of failure)
Confirm with . or Enter, or press ? or * to list all spells.
Aiming: Shock (safe; 4% risk of failure)
Press: ? - help, Shift-Dir - straight line, f/p - gnoll
Aim: a gnoll, wielding a +0 whip (almost dead, 72% to hit)
The zap hits the gnoll.
You kill the gnoll!
You have reached level 4!
You feel agile.
Okay, then.
You start resting.
Magic restored.
You start resting.
HP restored.
You start waiting.
Done waiting.
Done exploring.
Done exploring.
You climb downwards.
The gnoll closely misses you. The gnoll hits you with a +0 flail.
There is a stone staircase leading up, spattered with blood here.
The gnoll hits you with a +0 whip! The gnoll hits you with a +0 flail.
You climb upwards.
There is a stone staircase leading down here.
You hit the gnoll but do no damage. Your kick misses the gnoll.
The gnoll hits you with a +0 whip!
* * * LOW HITPOINT WARNING * * *
The gnoll barely misses you.
You hit the gnoll but do no damage. Your kick misses the gnoll.
You peck the gnoll.
The gnoll is moderately wounded.
The gnoll misses you. The gnoll barely misses you.
Unknown command.
Unknown command.
Unknown command.
You hit the gnoll but do no damage.
The gnoll is moderately wounded.
The gnoll misses you. The gnoll hits you with a +0 flail!
You die...

#.# ####......# #.# #.......#.#
##.## #.##.##.#.# ##########
##...#####.##.##.#.# #........#
#...(......##......#
#.######.#####...###########.###
#.# #...........## #.# #
#.###.##.######g# #.# #
#........# #@# #.### #####...##
##g## #..## ###.# ##...## ##.##
###.# ##..>..## ### #.##
##.#.####.......## ##.###.#
##................####...##)##
#.............)...'...........
##................####........
#.......#.......## ##.###.##


You could see 2 gnolls.

Vanquished Creatures
  2 gnolls
  An adder (D:2)
  A dart slug (D:1)
  A bat (D:1)
  3 endoplasms
  A giant cockroach (D:2)
  4 goblins (D:1)
  A hobgoblin (D:1)
  2 jackals (D:1)
  5 ball pythons
  4 kobolds (D:1)
  5 rats (D:1)
30 creatures vanquished.

Notes
Turn   | Place    | Note
-------+----------+-------------------------------------------
     0 | D:1      | Zeld the Tengu Air Elementalist began the quest for the
                  | Orb.
     0 | D:1      | Reached XP level 1. HP: 10/10 MP: 4/4
   608 | D:1      | Reached XP level 2. HP: 15/15 MP: 0/6
  1107 | D:1      | Reached XP level 3. HP: 11/19 MP: 2/7
  1110 | D:1      | Learned a level 2 spell: Static Discharge
  1114 | D:1      | Learned a level 3 spell: Swiftness
  1739 | D:1      | Reached XP level 4. HP: 7/24 MP: 0/9
  2053 | D:1      | HP: 1/24 [gnoll/+0 whip (7)]
  2055 | D:1      | Mangled by a gnoll

Illustrated notes

Levels and vault maps discovered:
D:1:      amcnicky_arrival_abandoned_market, layout_loops_corners
D:2:      layout_basic, hellmonk_ecumenical_altar_lost_god

Skill      XL: |  1  2  3 |
---------------+----------+-----
Conjurations   | 2 |  2.1
Dodging        | |  2.6
Stealth        | |  2.4
Spellcasting   | |  2.8
Air Magic      | |  4.7

Action                   |  1- 3 |  4- 6 || total
-------------------------+-------+-------++-------
Melee: Unarmed           |    12 |     3 ||    15
       Kick              |     3 |       ||     3
       Punch             |     1 |       ||     1
       Peck              |     1 |     1 ||     2
 Cast: Shock             |    54 |       ||    54
Armor: Robe              |     3 |       ||     3
Dodge: Dodged            |    14 |     5 ||    19
